[Event "December 19 Late 2023"]
[Site "https://www.chess.com"]
[Date "2023.12.19"]
[Round "11"]
[White "GirthyHuell"]
[Black "Thake, Conrad"]
[Result "0-1"]
[Board "100"]
[TimeControl "180+1"]
[BlackFideId "5602947"]
[WhiteElo "2253"]
[BlackElo "1662"]
[BlackTeam "MLT"]
[WhiteClock "0:01:29"]
[BlackClock "0:01:12"]

1. e4 c5 2. d4 e6 3. d5 exd5 4. exd5 d6 5. c4 Nf6 6. Nc3 g6 7. Nf3 Bg7 8. Be2 O-O 9. O-O Re8 10. Bg5 Bg4 11. h3 Bxf3 12. Bxf3 Nbd7 13. Qd2 Ne5 14. Be2 a6 15. a4 Qc7 16. f4 Ned7 17. f5 Ne4 18. Nxe4 Rxe4 19. fxg6 hxg6 20. Bd3 Rd4 21. Be3 Rh4 22. Bf2 Bd4 23. Bxd4 Rxd4 24. Rae1 Ne5 25. Rxe5 dxe5 26. Qc2 f5 27. g4 e4 28. Be2 Qg3+ 29. Kh1 Qxh3+ 30. Kg1 Qg3+ 31. Kh1 Kg7 0-1

[Event "December 19 Late 2023"]
[Site "https://www.chess.com"]
[Date "2023.12.19"]
[Round "11"]
[White "Sabar Ethmane Daouda"]
[Black "Stead, Kerry"]
[Result "1-0"]
[Board "101"]
[TimeControl "180+1"]
[WhiteFideId "19600097"]
[BlackFideId "3202577"]
[WhiteElo "1950"]
[BlackElo "1997"]
[WhiteTeam "MTN"]
[BlackTeam "AUS"]
[WhiteClock "0:00:18"]
[BlackClock "0:00:44"]

1. b3 d5 2. Bb2 c5 3. e3 Nc6 4. f4 f6 5. Nf3 Bg4 6. Bb5 a6 7. Bxc6+ bxc6 8. O-O Qc7 9. h3 Bxf3 10. Qxf3 e6 11. c4 Bd6 12. Qg4 Qd7 13. Nc3 O-O-O 14. Na4 Kb7 15. Ba3 Qe7 16. Rab1 f5 17. Qe2 Nf6 18. d3 h6 19. Qe1 g5 20. Qa5 Qc7 21. Nxc5+ Bxc5 22. Qxc5 Rd7 23. Bb2 Rf8 24. Qxf8 gxf4 25. Qxf6 fxe3 26. Be5 Qb6 27. d4 1-0

[Event "December 19 Late 2023"]
[Site "https://www.chess.com"]
[Date "2023.12.19"]
[Round "11"]
[White "Igel2023"]
[Black "Lutz, Igor Oscar"]
[Result "1/2-1/2"]
[Board "102"]
[TimeControl "180+1"]
[BlackFideId "2110806"]
[WhiteElo "2213"]
[BlackElo "2092"]
[BlackTeam "BRA"]
[WhiteClock "0:00:42"]
[BlackClock "0:00:10"]

1. e4 c5 2. Nf3 Nc6 3. d4 cxd4 4. Nxd4 Nf6 5. Nc3 d6 6. g3 e6 7. Bg2 Be7 8. O-O O-O 9. h3 a6 10. Be3 Qc7 11. f4 e5 12. Nf5 Bxf5 13. exf5 exf4 14. Rxf4 Ne5 15. Nd5 Nxd5 16. Bxd5 Bg5 17. Re4 Bxe3+ 18. Rxe3 Qc5 19. Qd2 Rac8 20. Rf1 Qxc2 21. Qxc2 Rxc2 22. Rf2 Rxf2 23. Kxf2 b5 24. Ra3 Rc8 25. Rxa6 h6 26. Ra8 Rxa8 27. Bxa8 Nd3+ 28. Ke3 Nxb2 29. Kd4 Kf8 30. Kd5 Ke7 31. Kc6 b4 32. Kb5 Nd3 33. Be4 Nf2 34. Bg2 Nd3 35. Kc4 Nc1 36. Kxb4 Nxa2+ 37. Kc4 Nc1 38. Bf1 Kf6 39. g4 h5 40. Kc3 Na2+ 41. Kb3 Nc1+ 42. Kb2 hxg4 43. hxg4 Kg5 44. Kxc1 Kxg4 45. Bd3 Kf4 46. Kd2 g6 47. fxg6 fxg6 48. Bxg6 d5 49. Bf7 Ke5 50. Bxd5 1/2-1/2

[Event "December 19 Late 2023"]
[Site "https://www.chess.com"]
[Date "2023.12.19"]
[Round "11"]
[White "Harrington, Steve"]
[Black "Kniazev, Igor"]
[Result "1-0"]
[Board "103"]
[TimeControl "180+1"]
[WhiteFideId "2038730"]
[BlackFideId "4136349"]
[WhiteElo "2158"]
[BlackElo "1853"]
[WhiteTeam "USA"]
[BlackTeam "RUS"]
[WhiteClock "0:00:55"]
[BlackClock "0:00:00"]

1. e4 e5 2. d4 Nf6 3. dxe5 Nxe4 4. Qe2 d5 5. exd6 cxd6 6. Qxe4+ Be7 7. Bd3 d5 8. Qe2 O-O 9. Nf3 Bb4+ 10. c3 Re8 11. Be3 Bc5 12. O-O Bxe3 13. fxe3 Bg4 14. Nbd2 Nc6 15. Bc2 d4 16. Qd3 dxc3 17. Qxh7+ Kf8 18. bxc3 Qb6 19. Qh8+ Ke7 20. Qxg7 Rg8 21. Qh6 Nd4 22. Qxb6 Ne2+ 23. Kf2 axb6 24. Kxe2 Rad8 25. Ne4 Bxf3+ 26. gxf3 Rg2+ 27. Rf2 Rg6 28. Rd1 Rxd1 29. Bxd1 Rc6 30. Bb3 f5 31. Ng5 Rxc3 32. h4 b5 33. h5 Kf6 34. h6 Kxg5 35. h7 Rc8 36. Bg8 Rc2+ 37. Kf1 Rc1+ 38. Kg2 f4 39. exf4+ Kxf4 40. h8=Q b4 41. Qh4+ Ke3 42. Qxb4 b5 43. Qxb5 1-0

[Event "December 19 Late 2023"]
[Site "https://www.chess.com"]
[Date "2023.12.19"]
[Round "11"]
[White "Gulamirian, Korun"]
[Black "Saim, Mohamed Ilias"]
[Result "0-1"]
[Board "104"]
[TimeControl "180+1"]
[WhiteFideId "4144899"]
[BlackFideId "7900465"]
[WhiteElo "1621"]
[BlackElo "2063"]
[WhiteTeam "RUS"]
[BlackTeam "ALG"]
[WhiteClock "0:00:00"]
[BlackClock "0:00:06"]

1. e4 c6 2. d4 d5 3. e5 Bf5 4. Ne2 e6 5. h4 h5 6. Ng3 Bg6 7. Bd3 Bxd3 8. Qxd3 Ne7 9. Bg5 Qb6 10. b3 Nf5 11. Nxf5 exf5 12. Qxf5 Qc7 13. c3 Be7 14. e6 f6 15. Qg6+ Kd8 16. Qxg7 Rf8 17. Bh6 Qd6 18. Qg3 Qxe6+ 19. Qe3 Qxe3+ 20. fxe3 Rg8 21. g3 Rxg3 22. Bf4 Rg4 23. Nd2 Nd7 24. Nf3 Nf8 25. Ke2 Ne6 26. Bh2 Kd7 27. Rag1 Rag8 28. Rxg4 Rxg4 29. Rg1 Rxg1 30. Bxg1 b5 31. a4 a6 32. a5 b4 33. c4 dxc4 34. bxc4 Nc7 35. Kd3 c5 36. d5 Ne8 37. Bf2 Nd6 38. Nd2 Ke8 39. Nb3 Nb7 40. e4 Kd7 41. Bg3 Bd8 42. Bf2 Kd6 43. Bg3+ Kd7 44. e5 fxe5 45. Bxe5 Bxa5 46. Ke4 Bc7 47. Bf6 a5 48. Kf5 a4 49. Nc1 b3 50. Kg5 Nd6 51. Kxh5 Nxc4 52. Kg4 b2 0-1

[Event "December 19 Late 2023"]
[Site "https://www.chess.com"]
[Date "2023.12.19"]
[Round "11"]
[White "Desideri, Ricardo Maruchi"]
[Black "Vargas, Mauricio"]
[Result "1-0"]
[Board "106"]
[TimeControl "180+1"]
[WhiteFideId "2110440"]
[BlackFideId "4404572"]
[WhiteElo "1945"]
[BlackElo "1982"]
[WhiteTeam "BRA"]
[BlackTeam "COL"]
[WhiteClock "0:01:01"]
[BlackClock "0:00:00"]

1. e4 d5 2. exd5 Qxd5 3. Nc3 Qa5 4. Nf3 Nf6 5. d3 c6 6. Bf4 Nbd7 7. Qd2 e5 8. Bg3 Bd6 9. O-O-O O-O 10. Re1 Re8 11. Kb1 Qb6 12. Ng5 h6 13. Nge4 Bc7 14. f4 exf4 15. Bxf4 a5 16. g3 a4 17. Bh3 a3 18. b3 Ne5 19. Nxf6+ gxf6 20. Bxc8 Raxc8 21. Bxh6 Nf3 22. Qd1 Rxe1 23. Rxe1 Qf2 24. Rf1 Qxf1 25. Qxf1 Nd2+ 26. Bxd2 Be5 27. Ne4 Re8 28. Nxf6+ Bxf6 29. Qxf6 Re2 30. Qg5+ Kf8 31. Bb4+ c5 32. Bxc5+ Ke8 33. Kc1 Rxh2 34. Qe5+ Kd7 35. Qd6+ Kc8 36. Bb6 Rh1+ 37. Kd2 Rh2+ 38. Kc3 Rxc2+ 39. Kxc2 1-0